 Dungeon Crawl Stone Soup version 0.27.1-33-g824d729ab1 (webtiles) character file.

Game seed: 4900973273945426225

2496 zeram the Cleaver (level 9, -8/66 (70) HPs)
             Began as a Hill Orc Fighter on Nov 25, 2021.
             Was an Initiate of Gozag.
             Mangled by an orc warrior (11 damage)
             ... on level 6 of the Dungeon.
             The game lasted 00:11:32 (10187 turns).

zeram the Cleaver (Hill Orc Fighter)               Turns: 10187, Time: 00:11:33

HP:   -8/66 (70)    AC: 10    Str: 22    XL:     9   Next: 52%
MP:   9/9           EV:  9    Int:  8    God:    Gozag
Gold: 659           SH: 10    Dex: 10    Spells: 8/8 levels left

rFire    + . .     SeeInvis .   h - +3 hand axe
rCold    . . .     Faith    .   c - +0 kite shield
rNeg     . . .     Spirit   .   b - +0 scale mail
rPois    .         Reflect  .   p - +1 helmet
rElec    .         Harm     .   (no cloak)
rCorr    .         Rampage  .   (no gloves)
Will     .....                  (no boots)
Stlth    ..........             (no amulet)
HPRegen  0.21/turn              f - ring of protection from fire
MPRegen  0.11/turn              (no ring)

@: drained
A: no striking features
a: Renounce Religion, Potion Petition, Call Merchant, Bribe Branch


You were on level 6 of the Dungeon.
You worshipped Gozag.
Gozag was pleased with you.
You visited 1 branch of the dungeon, and saw 8 of its levels.
You also visited: Sewer.

You collected 707 gold pieces.
You paid 48 gold pieces to Gozag.

Inventory:

Hand Weapons
 a - a +0 war axe
 h - a +3 hand axe (weapon)
Missiles
 e - 246 stones (quivered)
Armour
 b - a +0 scale mail (worn)
 c - a +0 kite shield (worn)
 p - a +1 helmet (worn)
Jewellery
 f - a ring of protection from fire (left hand)
 n - a ring of positive energy
Scrolls
 d - a scroll of magic mapping
 i - a scroll of silence
 j - a scroll of vulnerability {unknown}
 k - a scroll of fog
 m - a scroll of blinking
 o - a scroll of summoning
Potions
 g - 3 potions of brilliance


   Skills:
 - Level 3.6 Fighting
 + Level 10.6 Axes
 + Level 8.4 Armour
 + Level 2.7 Dodging
 + Level 6.9 Shields


You had 8 spell levels left.
You didn't know any spells.
Your spell library contained the following spells:

 Spells                   Type           Power      Damage    Failure   Level
 Beastly Appendage        Tmut           0%         N/A       96%         1
 Shock                    Conj/Air       0%         1d3       96%         1
 Wereblood                Tmut           0%         N/A       99%         2
 Spider Form              Tmut/Pois      0%         N/A       100%        3
 Swiftness                Air            0%         N/A       100%        3
 Airstrike                Air            0%         N/A       100%        4
 Summon Lightning Spire   Summ/Air       0%         N/A       100%        4
 Storm Form               Tmut/Air       0%         N/A       100%        7
 Maxwell's Capacitive Co  Air            0%         ∞         100%        8


Dungeon Overview and Level Annotations

Branches:
Dungeon (8/15)             Temple (0/1) D:4           Sewer (visited)
   Lair: D:8-11

Altars:
Elyvilon
Gozag
Nemelex Xobeh
Qazlal
Uskayaw
Zin

Shops:
D:3 *

Annotations:
D:4 1 runed translucent door, jlumianski's ghost, amateur GrFi
D:5 3 runed translucent doors, ces's ghost, novice SpBr


Message History

An orc wizard appears from thin air!
Reactivating autopickup.
There is a stone staircase leading down here.
There is a stone staircase leading up here.
The orc wizard gestures wildly while chanting.
The orc wizard flickers and vanishes!
Deactivating autopickup; reactivate with Ctrl-A.
The orc warrior completely misses you.
You climb upwards.
Reactivating autopickup.
There is a stone staircase leading down here.
You hit the orc warrior but do no damage.
The orc warrior is moderately wounded.
You block the orc warrior's attack.
You slash the orc warrior!
The orc warrior is severely wounded.
The orc warrior closely misses you.
You hit the orc warrior.
The orc warrior is almost dead.
The orc warrior hits you with a +0 mace!
* * * LOW HITPOINT WARNING * * *
You hit the orc warrior but do no damage.
The orc warrior is almost dead.
The orc warrior hits you with a +0 mace.
* * * LOW HITPOINT WARNING * * *
You hit the orc warrior but do no damage.
The orc warrior is almost dead.
You block the orc warrior's attack.
You hit the orc warrior but do no damage.
The orc warrior is almost dead.
The orc warrior hits you with a +0 mace!
* * * LOW HITPOINT WARNING * * *
You hit the orc warrior but do no damage.
The orc warrior is almost dead.
You block the orc warrior's attack.
You hit the orc warrior.
The orc warrior is almost dead.
The orc warrior hits you with a +0 mace!
You die...
Your body crumbles into a pile of gold.

.........##.####...#.##
.#..................##
#........#######..###
###...)...........#
#....#########.##
#.#.## #.# #.#.######
#.# #.#......# #o#
#.######.# #@# #.# #.#
#.# #.# #.# #.#
###.######.# #.#
...........#####.##
....####..........#
...........##.###.#
....#####..##.# #.#
....# #..##.# #.# ####


You could see an orc warrior.

Vanquished Creatures
  Sigmund (D:4)
  A water moccasin (D:6)
  An acid dragon (D:5)
  An ice beast (D:6)
  A sky beast (D:6)
  4 black bears
  A necrophage (D:4)
  4 ogres
  A phantom (D:4)
  A kobold brigand (Sewer)
  A bullfrog (D:4)
  2 scorpions
  6 wights
  2 bullfrog skeletons
  3 hounds
  4 iguanas
  3 orc wizards
  3 hound skeletons
  A howler monkey zombie (D:6)
  10 adders
  A gnoll (D:1)
  An adder zombie (D:3)
  An adder skeleton (D:3)
  4 worms (Sewer)
  3 dart slugs
  13 orcs
  11 endoplasms
  4 giant cockroaches
  4 goblins
  6 hobgoblins
  6 jackals
  6 quokkas
  7 ball pythons
  4 bats
  3 frilled lizards
  10 kobolds
  4 rats
139 creatures vanquished.

Vanquished Creatures (others)
  5 withered plants (D:3)
5 creatures vanquished.

Grand Total: 144 creatures vanquished

Notes
Turn   | Place    | Note
-------+----------+-------------------------------------------
     0 | D:1      | zeram the Hill Orc Fighter began the quest for the Orb.
     0 | D:1      | Reached XP level 1. HP: 19/19 MP: 1/1
    24 | D:1      | Reached XP level 2. HP: 11/26 MP: 2/2
   585 | D:1      | Reached skill level 3 in Axes
   657 | D:1      | Reached XP level 3. HP: 29/31 MP: 3/3
  1916 | D:2      | Reached XP level 4. HP: 39/39 MP: 4/4
  2453 | D:3      | Reached skill level 4 in Axes
  2583 | D:3      | Found Gozag's Platinum Reserve.
  2637 | D:3      | Found a glowing drain.
  2654 | Sewer    | Entered a sewer
  2935 | Sewer    | Reached XP level 5. HP: 33/45 MP: 5/5
  3356 | Sewer    | Reached skill level 5 in Axes
  3537 | Sewer    | Noticed a kobold brigand
  3554 | Sewer    | Killed a kobold brigand
  3555 | Sewer    | Reached skill level 1 in Dodging
  3555 | Sewer    | Reached XP level 6. HP: 21/51 MP: 6/6
  4050 | D:3      | Found an opulent altar of Gozag.
  4140 | D:3      | Became a worshipper of Gozag Ym Sagoz the Greedy
  4370 | D:3      | Reached skill level 5 in Armour
  4416 | D:3      | Reached skill level 6 in Axes
  4606 | D:4      | Found a runed translucent door.
  4607 | D:4      | Noticed jlumianski's ghost (amateur GrFi)
  4618 | D:4      | Noticed a necrophage
  4628 | D:4      | Killed a necrophage
  4634 | D:4      | Reached XP level 7. HP: 48/57 MP: 7/7
  4952 | D:4      | Found a staircase to the Ecumenical Temple.
  5150 | D:4      | Reached skill level 7 in Axes
  5160 | D:4      | Reached skill level 5 in Shields
  5210 | D:4      | Noticed Sigmund
  5213 | D:4      | Found a sparkling altar of Nemelex Xobeh.
  5222 | D:4      | Killed Sigmund
  5592 | D:4      | Reached skill level 8 in Axes
  5760 | D:5      | Entered Level 5 of the Dungeon
  5771 | D:5      | Reached XP level 8. HP: 36/64 MP: 8/8
  5925 | D:5      | Found a white marble altar of Elyvilon.
  6186 | D:5      | Found a hide-covered altar of Uskayaw.
  6206 | D:5      | Reached skill level 9 in Axes
  7336 | D:5      | HP: 3/60 [wight (11)]
  7673 | D:5      | Found a runed translucent gate.
  7673 | D:5      | Found a runed translucent gate.
  7674 | D:5      | Found a runed translucent gate.
  7907 | D:5      | Noticed ces's ghost (novice SpBr)
  8073 | D:5      | Found a glowing silver altar of Zin.
  8073 | D:5      | Found a stormy altar of Qazlal.
  8809 | D:6      | Reached XP level 9. HP: 18/70 MP: 9/9
  8891 | D:5      | Reached skill level 10 in Axes
 10000 | D:6      | You fall into a shaft and drop 2 floors!
 10185 | D:6      | HP: 3/66 [orc warrior (13)]
 10187 | D:6      | Mangled by an orc warrior

Illustrated notes

Levels and vault maps discovered:
D:1:      saegor_arrival_simple_a, layout_loops_corners, columned_hall_lemuel,
          minmay_fountain_box
D:2:      layout_loops_corners
D:3:      layout_rooms, nicolae_gozag_zags_fifth_avenue, serial_undead,
          serial_undead_b, serial_undead_e, serial_undead_b, serial_undead_c,
          portal_sewer_entry_f, minmay_misc_feat_tiny,
          chequers_serial_rivers_room_a
D:4:      layout_loops_cross, lemuel_coloured_pillars_altar,
          minmay_temple_entry_slanted, ebering_ghost_reflecting_pool,
          uniq_sigmund
D:5:      minmay_spotlight, layout_layer_cave, nicolae_uskayaw_dance_hall,
          elyvilon_altar_4, gammafunk_temple_overflow_elements,
          gammafunk_ghost_necromancy, serial_bayou_crossing
D:6:      layout_loops_ring
D:7:      layout_rooms, vehumet_altar_wand_db, led_sif_pool,
          mainiacjoe_overflow_alcove_4
D:8:      layout_cave_pools, cheibrodos_worm_habitat,
          grunt_lair_entry_orc_guard_hut

Skill      XL: |  1  2  3  4  5  6  7  8  9 |
---------------+----------------------------+-----
Axes           | 3 4 5 6 8 9 10 | 10.6
Armour         | 4 5 6 7 8 |  8.4
Shields        | 4 5 6 |  6.9
Dodging        | 1 2 |  2.7
Fighting       | |  3.6

Action                   |  1- 3 |  4- 6 |  7- 9 || total
-------------------------+-------+-------+-------++-------
Melee: War axe           |   104 |   203 |   145 ||   452
       Hand axe          |       |       |   163 ||   163
  Use: Scroll            |     3 |     1 |     6 ||    10
       Potion            |     1 |     3 |     3 ||     7
Armor: Scale mail        |    58 |    87 |    85 ||   230
       Skin              |       |     5 |       ||     5
Dodge: Dodged            |    41 |    56 |    83 ||   180
Block: Kite shield       |    60 |   102 |   137 ||   299
